[Event "*** SCC Grand Prix: Titled Tuesday Blitz"]
[Site "Chess.com"]
[Date "2020.10.06"]
[Round "6"]
[White "GigaQuparadze"]
[Black "vanea_03"]
[Result "1-0"]
[WhiteElo "3002"]
[BlackElo "2693"]
[TimeControl "180+1"]
[EndTime "11:09:34 PDT"]
[Termination "GigaQuparadze won by resignation"]

1. e4 e5 2. Nf3 Nc6 3. Bb5 a6 4. Ba4 Nf6 5. Nc3 b5 6. Bb3 Be7 7. d3 d6 8. Nd5 Na5 9. Nxe7 Qxe7 10. Bg5 Nxb3 11. axb3 h6 12. Bh4 g5 13. Bg3 Bb7 14. Nd2 d5 15. Qe2 d4 16. h4 O-O-O 17. hxg5 hxg5 18. O-O-O Bc6 19. Nf3 Nd7 20. Qd2 f6 21. Qa5 Nb8 22. Kb1 Bb7 23. Qd2 Nc6 24. Rdg1 Kb8 25.
Qd1 Bc8 26. Rxh8 Rxh8 27. Rh1 Qg7 28. Nd2 Be6 29. Qg1 Rh6 30. Rh2 Qh7 31. Rxh6 Qxh6 32. Nf3 Bg4 33. Nh2 Be6 34. f3 Kb7 35. Be1 Qh5 36. g4 Qh3 37. Bg3 a5 38. Nf1 Ne7 39.
Nd2 Ng6 40. c3 c5 41. Kc2 Qh7 42. Qa1 Kb6 43. c4 b4 44. Qg1 Bd7 45. Be1 Qh3 46.
Bg3 Nf8 47. Qf2 Ng6 48. Bh2 Be8 49. Bg1 Nh4 50. Bh2 Ng2 51. Nf1 Ne3+ 52. Nxe3 dxe3 53. Qe2 a4 54. bxa4 Bxa4+ 55. b3 Bc6 56. Bg1 Qh7 57.
Qxe3 Qe7 58. Qf2 Qd6 59. Qh2 Qe7 60. Kb2 Be8 61. Be3 Kc6 62. Qh8 Kb6 63. Kc2 Kc6 64. Qg8 Qf7 65. Qh8 Qe7 66. Qh6 Kb7 67. Qh1 Kb6 68. Qa1 Bc6 69. Qe1 Qh7 70. Qxb4+ Kc7 71. Qa5+ Kd7 72. Qxc5 Qh2+ 73. Kc3 Qa2 74. Qa7+ 1-0

[Event "*** SCC Grand Prix: Titled Tuesday Blitz"]
[Site "Chess.com"]
[Date "2020.10.06"]
[Round "6"]
[White "MITerryble"]
[Black "Alexsur1981"]
[Result "0-1"]
[WhiteElo "2953"]
[BlackElo "2758"]
[TimeControl "180+1"]
[EndTime "11:09:37 PDT"]
[Termination "Alexsur1981 won on time"]

1. d4 d6 2. Nf3 Bg4 3. c4 c6 4. Qb3 Qb6 5. Nbd2 Nd7 6. h3 Bh5 7. g4 Bg6 8. Bg2 e5 9. e3 Be7 10.
Qc3 e4 11. Ng1 d5 12. Ne2 h6 13. Nf4 Ngf6 14. Qb3 Bh7 15. cxd5 Qxb3 16. Nxb3 cxd5 17. Bd2 g5 18. Ne2 Nb6 19. Na5 O-O-O 20. Rc1+ Kb8 21. Ng3 Bg6 22. f3 Bd6 23. Kf2 h5 24. Nf5 Bxf5 25. gxf5 exf3 26. Bxf3 g4 27. Bg2 Rde8 28. b3 Ne4+ 29. Bxe4 Rxe4 30. hxg4 Rxg4 31. Rh3 Nd7 32. Kf3 Nf6 33. Rch1 Re4 34. b4 h4 35. Nb3 Rh5 36.
Nc5 Rxf5+ 37. Ke2 Bxc5 38. bxc5 Rh5 39. Be1 Ng4 40. Bxh4 Kc8 41. Bf2 Rxh3 42. Rxh3 Kd7 43. Rf3 Ke6 44. Bg3 f5 45. Bf4 Kf6 46. Rh3 Kg7 47. Rh5 Kg6 48. Rg5+ Kf6 49. Rg8 Kf7 50. Ra8 a6 51. Ra7 Re7 52. Bg5 Rc7 53. Bf4 Re7 54. a4 Ke6 55. c6 bxc6 56. Rxa6 Rb7 57. Rxc6+ Ke7 58. Rc2 Kd7 59. a5 Ra7 60. Rc5 Nf6 61. Be5 Ne4 62. Rxd5+ Kc6 63. Rd8 Rxa5 64. Kf3 Ra2 65. Rc8+ Kd7 66. Rc7+ Ke6 67. Bg3 Ra1 68. Bh4 Rh1 0-1

[Event "*** SCC Grand Prix: Titled Tuesday Blitz"]
[Site "Chess.com"]
[Date "2020.10.06"]
[Round "6"]
[White "doons21"]
[Black "Itk04"]
[Result "0-1"]
[WhiteElo "2593"]
[BlackElo "2472"]
[TimeControl "180+1"]
[EndTime "11:09:37 PDT"]
[Termination "Itk04 won by resignation"]

1. e4 e6 2. d3 d5 3. Nd2 Nc6 4. Ngf3 Nf6 5. Be2 e5 6. O-O Be7 7. Re1 O-O 8. Bf1 d4 9. Nc4 Nd7 10. a4 f6 11. Nh4 Bb4 12. Re2 Nc5 13. h3 Be6 14. b3 Bc3 15. Rb1 a6 16. Ba3 Nb4 17.
a5 b5 18. axb6 cxb6 19. Nf5 b5 20. Nd2 g6 21. Nh6+ Kg7 22. Ng4 Qa5 23. Bxb4 Qxb4 24.
Nf3 h5 25. Ngh2 Rac8 26. Nh4 Bf7 27. g3 Ne6 28. Bg2 Rc6 29. Qf1 Bd2 30. Qd1 Bh6 31.
Bf3 Rfc8 32. Bg2 a5 33. Bf1 Rc3 34. Ng2 Qc5 35. Rb2 Qa3 36. Qb1 Qc5 37. Ra2 b4 38. Nf3 Nc7 39. g4 hxg4 40. hxg4 Nb5 41. g5 Bxg5 42.
Nxg5 fxg5 43. Qc1 Na3 44. Qxg5 Qd6 45. f4 Qf6 46. Qxe5 Qxe5 47. fxe5 Re8 48. Nf4 Rxe5 49. Bh3 Rg5+ 50. Kh2 Rgc5 51. e5 Rxc2 52. e6 Rxe2+ 53. Rxe2 Be8 54. Kg3 Rc2 55. Re5 a4 56. bxa4 b3 57.
Ra5 b2 58. Ra7+ Kf6 59. Nd5+ Ke5 60. Nb4 b1=Q 61. Nxc2 Qxc2 62. Ra5+ Kf6 63. Bf1 Qd2 64. Rd5 Qe3+ 65. Kg2 Nc2 66. Rd6 Ne1+ 67. Kh2 Qf4+ 68. Kg1 Qxd6 69. Kf2 Nc2 0-1

[Event "*** SCC Grand Prix: Titled Tuesday Blitz"]
[Site "Chess.com"]
[Date "2020.10.06"]
[Round "6"]
[White "Meri-Arabidze"]
[Black "rasmussvane"]
[Result "0-1"]
[WhiteElo "2709"]
[BlackElo "2910"]
[TimeControl "180+1"]
[EndTime "11:09:38 PDT"]
[Termination "rasmussvane won on time"]

1. d4 d5 2. c4 e6 3. Nc3 a6 4. cxd5 exd5 5. Bf4 Nf6 6. e3 Bd6 7. Qf3 Bxf4 8. Qxf4 O-O 9. Bd3 c6 10. h4 Re8 11. h5 h6 12. Nge2 Qe7 13. Ng3 c5 14. dxc5 Qxc5 15. O-O Nc6 16. Rad1 Be6 17. Bf5 Rad8 18.
a3 d4 19. exd4 Nxd4 20. Bxe6 Nxe6 21. Qf3 b5 22. Rxd8 Rxd8 23. Rd1 Re8 24. Qf5 Qc4 25. Nce4 Nxe4 26. Qxe4 Qb3 27. Rd2 Rc8 28. Qe1 Rc5 29.
Qd1 Qxd1+ 30. Rxd1 Kf8 31. f3 Nf4 32. Rd4 Nxh5 33.
Nxh5 Rxh5 34. Rd6 a5 35. Ra6 a4 36. Ra7 Rc5 37. Kh2 Rc2 38. Ra8+ Ke7 39. Ra7+ Kf6 40. Ra6+ Kg5 41. Ra7 Kg6 42. Rb7 Rxb2 43. Kg3 Rb3 44. Kf4 f6 45. g4 Rxa3 46. Rxb5 Ra1 47. Ra5 a3 48. Ra7 Ra2 49. Ra6 Ra1 50. Ra7 Ra2 51.
Ra6 Kf7 52. Ra7+ Kg8 53. Ra8+ Kf7 54. Ra7+ Ke6 55. Rxg7 Rc2 56. Ra7 a2 57. Ra6+ Kd5 58. Kf5 Kc5 59. Kxf6 Kb5 60. Ra8 Rc6+ 61. Kg7 Ra6 62.
Rxa6 Kxa6 63. Kxh6 a1=Q 64. g5 Qh8+ 65. Kg6 Qg8+ 0-1

[Event "*** SCC Grand Prix: Titled Tuesday Blitz"]
[Site "Chess.com"]
[Date "2020.10.06"]
[Round "6"]
[White "The_Machine04"]
[Black "Philosopherrr"]
[Result "1-0"]
[WhiteElo "2335"]
[BlackElo "2464"]
[TimeControl "180+1"]
[EndTime "11:09:41 PDT"]
[Termination "The_Machine04 won by resignation"]

1. d4 Nf6 2. Bg5 d5 3. e3 c5 4. Bxf6 gxf6 5. dxc5 e5 6. c4 d4 7. exd4 exd4 8. Nf3 Bxc5 9. Bd3 Nc6 10. O-O Be6 11.
Nbd2 h5 12. Ne4 Be7 13. Ng3 h4 14. Nf5 Bxf5 15. Bxf5 Kf8 16. h3 Qd6 17. a3 Qf4 18.
Qd3 Rg8 19. Qe4 Bd6 20. Qxf4 Bxf4 21. Rad1 Ne5 22. Be4 f5 23. Bxb7 Rb8 24. Rxd4 Rxb7 25. Rxf4 Nxf3+ 26. Rxf3 Rxb2 27. Rxf5 Rc2 28. Rf4 Rc3 29.
a4 Rxh3 30. Rc1 Ra3 31. c5 h3 32. g3 Ke7 33. Re1+ Kf8 34. Rc4 Kg7 35. c6 Rc8 36.
c7 Rd3 37. Rec1 Rd7 38. Kh2 Rd2 39. R1c2 Rd6 40. Kxh3 Kf6 41. Kg4 Ke7 42. f4 Kd7 43. Kf3 Rd3+ 44. Kf2 Rd6 45. R2c3 a6 46. Kf3 f5 47. g4 fxg4+ 48. Kxg4 Rg8+ 49. Kf3 Kc8 50. Rc6 Rxc6 51. Rxc6 Rg1 52. Rxa6 Kxc7 53. Ra5 Rf1+ 54. Kg4 Kc6 55. Kf5 Ra1 56. Ra6+ Kd7 57. a5 Ke7 58.
Ra7+ Kf8 59. Kf6 Kg8 60. f5 Rd1 61. Ra8+ Kh7 62. a6 Rd6+ 63. Ke5 Rd1 64. a7 Re1+ 65. Kf6 Ra1 66. Kf7 Ra6 67. f6 Ra1 68. Ke7 Re1+ 69. Kf8 Ra1 70. f7 Ra2 71. Ke7 Re2+ 72. Kd6 Rd2+ 73.
Kc5 Rd8 74. Rxd8 Kg6 75. f8=Q 1-0

[Event "*** SCC Grand Prix: Titled Tuesday Blitz"]
[Site "Chess.com"]
[Date "2020.10.06"]
[Round "6"]
[White "PlotnikovPavel"]
[Black "Fh2411"]
[Result "0-1"]
[WhiteElo "2360"]
[BlackElo "2518"]
[TimeControl "180+1"]
[EndTime "11:09:42 PDT"]
[Termination "Fh2411 won by checkmate"]

1. e4 c5 2. Nf3 e6 3. d3 a6 4. g3 b5 5. Bg2 Bb7 6. O-O d6 7. c3 Nf6 8. Re1 Nbd7 9. Nbd2 Be7 10. d4 cxd4 11. cxd4 O-O 12. b3 Rc8 13. Bb2 Qb6 14. h4 h6 15. Rc1 Rfd8 16. Rxc8 Rxc8 17. Qb1 d5 18. e5 Nh7 19. Nf1 a5 20. h5 b4 21. Ne3 Ba6 22. Ng4 Qb5 23. Bf1 Qb7 24. Bxa6 Qxa6 25. Rc1 Rc6 26. Rc2 Qc8 27. Rxc6 Qxc6 28.
Bc1 Bf8 29. Bd2 Nb6 30. Ne1 Qb5 31. Nd3 a4 32. Qc2 axb3 33. axb3 Nc4 34. bxc4 dxc4 35. Nxb4 Bxb4 36. Qb2 Qa4 37. Qxb4 Qd1+ 38. Kg2 Qxg4 39. Qxc4 Ng5 40. Bxg5 Qxg5 41. Qc8+ Kh7 42. Qd7 Qxh5 43. Qc7 Qf5 44. Qc6 Qd3 45. Qf3 Qxd4 46. Qxf7 Qxe5 47. f4 Qd5+ 48. Kh2 Qf5 49. Qe7 Kg6 50. Qe8+ Kh7 51. Qe7 Qf6 52. Qe8 Qb2+ 53. Kh3 Qe2 54. Qe7 Qh5+ 55.
Kg2 Qg4 56. Qf7 h5 57. Qe7 Kh6 58. Kf2 Qf5 59. Kg2 Qg6 60. Qh4 Qf6 61. Kf2 Qxh4 62. gxh4 Kg6 63. Ke3 Kf5 64. Kf3 g6 65. Ke3 Kg4 66.
Ke4 Kxh4 67. Ke5 Kg4 68. Kxe6 Kxf4 69. Kf6 g5 70. Kg6 g4 71. Kxh5 g3 72. Kh4 g2 73.
Kh3 g1=Q 74. Kh4 Qg4# 0-1

[Event "*** SCC Grand Prix: Titled Tuesday Blitz"]
[Site "Chess.com"]
[Date "2020.10.06"]
[Round "6"]
[White "RusPakhom"]
[Black "Miss_JJ20"]
[Result "1/2-1/2"]
[WhiteElo "2317"]
[BlackElo "2472"]
[TimeControl "180+1"]
[EndTime "11:09:45 PDT"]
[Termination "Game drawn by repetition"]

1. e4 c5 2. Nf3 Nf6 3. Nc3 d5 4. exd5 Nxd5 5. Bb5+ Bd7 6. Bxd7+ Qxd7 7. O-O Nc6 8. Re1 e6 9. d3 Be7 10. Bg5 O-O 11. Qd2 Rfe8 12. Ne4 b6 13. Bxe7 Qxe7 14. Rad1 h6 15. a3 e5 16. Nc3 Rad8 17. Nxd5 Rxd5 18.
Qc3 Qf6 19. Re4 Nd4 20. Nxd4 cxd4 21. Qb3 Rc5 22. Rde1 Rec8 23. R1e2 Qg5 24. f4 exf4 25. Rf2 Rf5 26. Qa4 f3 27. Re8+ Kh7 28. Re1 Rcc5 29. Qxd4 fxg2 30. Rxf5 Rxf5 31. Qe4 g6 32. Qxg2 Qf6 33.
Rf1 Qd4+ 34. Kh1 Qxb2 35. Rxf5 gxf5 36. Qf2 Kg6 37. Qg3+ Kh7 38. Qf2 Qa1+ 39. Kg2 Kg6 40. Qg3+ Kf6 41. Qd6+ Kg5 42. Qg3+ Kh5 43. Qh3+ Kg6 44.
Qg3+ Kh7 45. Qf2 Qe5 46. Kf1 f4 47. Qf3 Kg7 48. Qg4+ Kf6 49. Qh4+ Kg7 50. Qg4+ Kf8 51. Qh4 Qa1+ 52. Kg2 Qxa3 53. Qxh6+ Ke8 54. Qh8+ Ke7 55. Qe5+ Kd7 56. Qf5+ Ke8 57. Qxf4 Qc3 58. Qe3+ Kf8 59. Qh6+ Kg8 60. Qg5+ Kf8 61. Qd8+ Kg7 62. Qg5+ Kh7 63. Qh5+ Kg8 64. Qg5+ Kf8 65. Qd8+ Kg7 66. Qg5+ Kh7 67. Qh5+ Kg8 68. Qg5+ 1/2-1/2

[Event "*** SCC Grand Prix: Titled Tuesday Blitz"]
[Site "Chess.com"]
[Date "2020.10.06"]
[Round "6"]
[White "Pultis"]
[Black "FairChess_on_YouTube"]
[Result "1/2-1/2"]
[WhiteElo "2758"]
[BlackElo "2966"]
[TimeControl "180+1"]
[EndTime "11:09:47 PDT"]
[Termination "Game drawn by repetition"]

1. Nf3 Nf6 2. c4 e6 3. b3 d5 4. Bb2 c5 5. e3 Nc6 6. cxd5 exd5 7. Bb5 Bd6 8. O-O O-O 9. d4 cxd4 10. Nxd4 Nxd4 11.
Qxd4 a6 12. Be2 Re8 13. Nc3 Be5 14. Qd3 d4 15. exd4 Qxd4 16. Qxd4 Bxd4 17. Bf3 Bg4 18. Rad1 Bxc3 19. Bxc3 Bxf3 20. gxf3 Re6 21. Rfe1 Rxe1+ 22.
Rxe1 Nd5 23. Ba5 f6 24. Rd1 Nf4 25. Rd7 Rc8 26. Bd2 Ng6 27. Rxb7 Rc2 28. Be3 Rxa2 29. b4 Nh4 30. Kf1 Nxf3 31. h3 Ne5 32. Ra7 Rb2 33. Bc5 Nd3 34. Ra8+ Kf7 35. Ra7+ Kg6 36. Bf8 Nf4 37. Rxg7+ Kf5 38. Ke1 Ne6 39. Rg8 Nxf8 40.
Rxf8 Rxb4 41. Ra8 Ra4 42. Kf1 Ra3 43. Kg2 a5 44. Ra7 h5 45. Rh7 Kg6 46. Ra7 h4 47. Ra8 a4 48. Ra5 f5 49. Kh2 Kg5 50. Kg2 Kf4 51.
Rc5 Ra1 52. Rc4+ Kg5 53. Rb4 a3 54. Ra4 Ra2 55. Kf3 Ra1 56. Kg2 Kh5 57. Ra5 Kg6 58.
Ra4 Kg5 59. Kf3 Kf6 60. Kg2 Ke5 61. Rxh4 f4 62. Rh5+ Ke4 63. Ra5 f3+ 64. Kh2 Kd3 65. h4 Ke2 66. h5 Kxf2 67. h6 Rb1 68. Rxa3 Rb5 69. Ra2+ Ke3 70. Ra3+ Ke2 71. Ra2+ Ke3 72. Ra3+ Ke2 73. Ra2+ Ke3 1/2-1/2

[Event "*** SCC Grand Prix: Titled Tuesday Blitz"]
[Site "Chess.com"]
[Date "2020.10.06"]
[Round "6"]
[White "VitaliyBernadskiy"]
[Black "Indianlad"]
[Result "1-0"]
[WhiteElo "2749"]
[BlackElo "2924"]
[TimeControl "180+1"]
[EndTime "11:09:47 PDT"]
[Termination "VitaliyBernadskiy won by resignation"]

1. e4 e5 2. Nf3 Nc6 3. Bb5 a6 4.
Ba4 d6 5. O-O Bd7 6. c3 g6 7. d4 Bg7 8. Re1 Nf6 9. Bg5 h6 10. Bh4 O-O 11. dxe5 dxe5 12. Bxc6 Bxc6 13. Nxe5 g5 14. Nxc6 bxc6 15. Bg3 Nxe4 16. Na3 f5 17. Qxd8 Rfxd8 18. Bxc7 Rd7 19. Bb6 Rb8 20. Nc4 Nd2 21. Rad1 Nxc4 22. Rxd7 Nxb6 23. Ra7 Nd5 24. c4 Nf4 25. b3 Bd4 26. Rxa6 Nd3 27. Rd1 Bxf2+ 28. Kf1 Nb4 29. Ra5 Bb6 30. Rxf5 Nxa2 31. Rd6 Kg7 32.
Rxc6 Bd4 33. Rb5 Rf8+ 34. Ke1 Nc3 35. Rb7+ Kg8 36. Rg6+ Kh8 37. Re6 Kg8 38. b4 Na4 39.
c5 Nc3 40. c6 Nd5 41. Rd7 Nf4 42. Ree7 Bc3+ 43. Kd1 Rc8 44. c7 Kf8 45. Re3 Bf6 46. Re4 Ng6 47. b5 Ne5 48. Rd8+ Bxd8 49. b6 Bxc7 50.
bxc7 Rxc7 51. Rxe5 Rd7+ 52. Ke2 Kf7 53. Re3 Kf6 54. Kf2 Kg6 55. Re2 Rd6 56. Kg3 Rf6 57. h3 h5 58. Re3 h4+ 59. Kh2 g4 60. hxg4 Kg5 61. Kh3 Rf1 62. Re5+ Kf6 63. Rf5+ Rxf5 64. gxf5 Kg5 65. f6 Kxf6 66. Kxh4 Kf5 67. Kh5 Kf4 68.
g4 Ke5 69. g5 1-0

[Event "*** SCC Grand Prix: Titled Tuesday Blitz"]
[Site "Chess.com"]
[Date "2020.10.06"]
[Round "6"]
[White "Jumbo"]
[Black "rpragchess"]
[Result "1/2-1/2"]
[WhiteElo "2728"]
[BlackElo "2918"]
[TimeControl "180+1"]
[EndTime "11:09:47 PDT"]
[Termination "Game drawn by stalemate"]

1. d4 Nf6 2. c4 e6 3. Nf3 d5 4. g3 Bb4+ 5. Bd2 Bd6 6. Nc3 O-O 7. Qb3 c6 8. Bg2 Nbd7 9. O-O dxc4 10. Qxc4 e5 11. Rad1 Qe7 12. e4 exd4 13. Nxd4 Ne5 14. Qe2 Bc5 15. Bf4 Bg4 16. f3 Bd7 17. Kh1 Rad8 18.
Be3 Rfe8 19. Bg1 Bb6 20. b3 Bc8 21. Qc2 Qb4 22. Na4 Bc7 23. f4 Neg4 24. e5 Nd5 25.
Rfe1 h5 26. Re2 Nh6 27. Bf3 h4 28. Red2 Bg4 29. Qc4 Bxf3+ 30. Nxf3 Qe7 31. Nxh4 g5 32. Ng2 Nf5 33. Qe4 Qe6 34. g4 Nh4 35. Nxh4 gxh4 36. Qf3 Qg6 37. h3 Qg7 38. Rd4 Bb6 39. R4d3 Bc7 40.
Rd4 Ba5 41. R4d2 Bxd2 42. Rxd2 Ne7 43. Rd6 Rxd6 44. exd6 Nd5 45. Nc5 b6 46. Ne4 Qb2 47. f5 Qc2 48. d7 Rd8 49. g5 Rxd7 50. g6 fxg6 51. fxg6 Rg7 52. Qf5 Ne7 53. Nf6+ Kf8 54. Qxc2 Rxg6 55. Bd4 Kf7 56. Be5 Rxf6 57. Bxf6 Kxf6 58.
Qe4 Nf5 59. Qxc6+ Kg5 60. Qb7 Kf4 61. Qxa7 Kg3 62. Qc7+ Kxh3 63. Qc8 Kg4 64. Kh2 b5 65. a4 b4 66. a5 h3 67. Qxf5+ Kh4 68. a6 1/2-1/2

[Event "*** SCC Grand Prix: Titled Tuesday Blitz"]
[Site "Chess.com"]
[Date "2020.10.06"]
[Round "6"]
[White "AndrewMaco"]
[Black "XDPS"]
[Result "0-1"]
[WhiteElo "2631"]
[BlackElo "2800"]
[TimeControl "180+1"]
[EndTime "11:09:48 PDT"]
[Termination "XDPS won on time"]

1. e4 e5 2. Nf3 Nc6 3. Bb5 a6 4. Ba4 d6 5. O-O Bd7 6. c3 g6 7. d4 Bg7 8. Re1 Nf6 9. Nbd2 O-O 10. h3 Re8 11. Bc2 a5 12. Nf1 a4 13. Ng3 b5 14.
Be3 h6 15. Qd2 Kh7 16. d5 Na5 17. b3 Qc8 18. Rac1 Bf8 19. Qe2 c5 20. c4 axb3 21. axb3 bxc4 22. bxc4 Qa6 23. Nd2 Reb8 24. Ra1 Qc8 25.
Ra3 Nb7 26. Rea1 Rxa3 27. Rxa3 Ra8 28. Qd3 Be7 29. Qb3 h5 30. Qa2 Rxa3 31. Qxa3 h4 32. Ne2 Nh5 33. Qa6 Nd8 34. Qa5 f5 35. exf5 gxf5 36.
Nf3 Nf7 37. Qa7 Ng7 38. g4 hxg3 39. fxg3 e4 40. Nh4 Ne5 41. Ng2 Nxc4 42. Bf4 Bf6 43. Ne3 Nxe3 44. Bxe3 Be5 45. Bf4 Bb5 46. Bxe5 dxe5 47. Nc3 Bd3 48. Ba4 Qd8 49. Bc6 Qg5 50. Qxc5 Qxg3+ 51. Kh1 Qxh3+ 52. Kg1 Qg3+ 53. Kh1 Bf1 54. Qg1 Qxc3 55. Qxf1 Qd2 56. Qh3+ Kg6 57. Qg3+ Kf6 58. Qh4+ Qg5 59. Qe1 Qh5+ 60. Kg1 Qg4+ 61. Kh2 Qf4+ 62. Kh1 e3 63. Qa5 Qh4+ 64. Kg2 Qf2+ 65.
Kh3 Qf3+ 66. Kh2 Kg5 67. Qd8+ Kf4 68. Qh4+ Qg4 69. Qh6+ Kf3 70. d6+ e4 71. Qh3+ Qxh3+ 72. Kxh3 Ne6 73. Bd7 e2 74. Bxe6 e1=Q 0-1

[Event "*** SCC Grand Prix: Titled Tuesday Blitz"]
[Site "Chess.com"]
[Date "2020.10.06"]
[Round "6"]
[White "canary2016"]
[Black "kinga2008"]
[Result "0-1"]
[WhiteElo "1902"]
[BlackElo "2137"]
[TimeControl "180+1"]
[EndTime "11:09:48 PDT"]
[Termination "kinga2008 won by checkmate"]

1. d4 c5 2. d5 e6 3. dxe6 fxe6 4. Nf3 Nf6 5. e3 Be7 6. Bd3 O-O 7. O-O d5 8. c4 Nc6 9. Nc3 a6 10. a4 Bd7 11.
Qe2 Rc8 12. Rd1 d4 13. exd4 cxd4 14. Ne4 e5 15. Nxf6+ Bxf6 16. Qe4 g6 17. Bh6 Bf5 18. Qd5+ Qxd5 19. cxd5 Bxd3 20. Bxf8 Be2 21. Rd2 Bxf3 22. dxc6 Rxf8 23. gxf3 bxc6 24. Rc2 Bg5 25. Kg2 d3 26. Rxc6 Rb8 27. Rd1 d2 28. Rxa6 Rxb2 29. Rc6 Ra2 30. Rc4 Kf7 31. Kf1 Ke6 32. Ke2 Kd5 33. Re4 h5 34. Rb4 Rc2 35. Rb6 Rc4 36. Rxg6 Bf4 37. a5 e4 38. a6 exf3+ 39. Kxf3 Ke5 40. a7 Ra4 41. Rg7 Ra3+ 42. Ke2 Ke4 43. Re7+ Kf5 44. Rb7 Kg4 45. Rh7 Ra6 46. h3+ Kg5 47. Rg1+ Kh4 48.
Rhg7 Re6+ 49. Kd1 Ra6 50. Kc2 Ra2+ 51. Kb1 Ra6 52. Kc2 Rc6+ 53. Kd1 Rc1+ 54. Ke2 Rc5 55.
Rd1 Re5+ 56. Kf1 Ra5 57. Rh7 Bg5 58. Rh8 Rxa7 59. Rh6 Bxh6 60. Ke2 Rf7 61. Kf1 Re7 62. Kg1 Re1+ 63. Rxe1 dxe1=Q+ 64. Kg2 Qe4+ 65. Kg1 Qf4 66. Kf1 Qf3 67. Ke1 Kxh3 68. Kf1 Be3 69. Kg1 Qxf2+ 70. Kh1 Qg1# 0-1

[Event "*** SCC Grand Prix: Titled Tuesday Blitz"]
[Site "Chess.com"]
[Date "2020.10.06"]
[Round "6"]
[White "Savagelittlemole"]
[Black "platy3"]
[Result "0-1"]
[WhiteElo "2595"]
[BlackElo "2813"]
[TimeControl "180+1"]
[EndTime "11:09:49 PDT"]
[Termination "platy3 won by checkmate"]

1. e4 c5 2. Ne2 Nc6 3. d4 cxd4 4.
Nxd4 Nf6 5. Nc3 d6 6. Bg5 e6 7. Qd2 a6 8. O-O-O Be7 9. Kb1 Nxd4 10. Qxd4 b5 11. f4 Bb7 12. Bd3 Qc7 13. e5 dxe5 14.
fxe5 Rd8 15. Qf4 Nd5 16. Nxd5 Bxd5 17. Rhf1 Bxg5 18. Qxg5 O-O 19. Rf4 Bc4 20. Rf3 h6 21. Qf4 Rd5 22. Re3 Rfd8 23. Rc1 Bxd3 24. cxd3 Qd7 25.
Rd1 Rc8 26. Rg3 Qc7 27. Qd2 Qxe5 28. a3 Rdc5 29. d4 Qf5+ 30. Ka1 Rc2 31. Qxh6 Qh7 32. Qe3 Qf5 33. Rf3 Qg6 34. Rg3 Qf5 35. Rf3 Qd5 36. Rh3 Qxg2 37. Qd3 g6 38. Rg3 Qe2 39. Rxg6+ Kf8 40. Rgg1 Qxd3 41. Rxd3 Rxh2 42. Rf3 Rcc2 43. Rgf1 Rc7 44. Rf6 Ke8 45. Re1 Rd2 46. Rf4 Rcc2 47. Re5 Rxb2 48. d5 Ra2+ 49. Kb1 Rdb2+ 50. Kc1 Re2 51.
Rxe2 Rxe2 52. dxe6 Rxe6 53. Rd4 Ke7 54. a4 Rc6+ 55.
Kd2 Rc4 56. Rxc4 bxc4 57. Kc3 Kd6 58. Kxc4 Kc6 59. Kd4 a5 60. Kc4 f6 61. Kd4 Kd6 62. Kc4 f5 63. Kb5 f4 64. Kxa5 f3 65. Kb6 f2 66. a5 f1=Q 67. a6 Qf3 68. Ka7 Qc6 69. Kb8 Qb5+ 70. Ka7 Kc7 71. Ka8 Qb8# 0-1

[Event "*** SCC Grand Prix: Titled Tuesday Blitz"]
[Site "Chess.com"]
[Date "2020.10.06"]
[Round "6"]
[White "penguingm1"]
[Black "PotapovaM"]
[Result "1-0"]
[WhiteElo "2847"]
[BlackElo "2559"]
[TimeControl "180+1"]
[EndTime "11:09:50 PDT"]
[Termination "penguingm1 won by resignation"]

1. d4 Nf6 2. c4 e6 3. Nc3 Bb4 4. Qc2 O-O 5. Nf3 d5 6. Bg5 h6 7. Bxf6 Qxf6 8. a3 Bxc3+ 9. Qxc3 c5 10. cxd5 cxd4 11. Qxd4 Qxd4 12. Nxd4 exd5 13. Rc1 Be6 14. e3 Rc8 15. Rxc8+ Bxc8 16. Bb5 a6 17. Ba4 Bd7 18. Bb3 Be6 19. e4 dxe4 20. Nxe6 fxe6 21. Bxe6+ Kf8 22. Bd5 Nd7 23. Bxe4 Re8 24. f3 Nc5 25. O-O Nxe4 26. fxe4+ Ke7 27. Kf2 Kd6 28. Ke3 Re7 29. Rd1+ Ke5 30. Rd5+ Ke6 31. Rc5 Rd7 32. h4 g6 33.
h5 Rg7 34. Kf3 Rf7+ 35. Ke3 Rg7 36. hxg6 Rxg6 37. Kf3 Rf6+ 38. Ke3 Rg6 39. Rc2 Rg3+ 40. Kf4 Rg7 41. g4 Rf7+ 42. Ke3 Kd6 43. Rd2+ Ke6 44. Rh2 Rf6 45. Rh5 Rg6 46. Kf4 Rf6+ 47. Rf5 Rg6 48. b4 Rg8 49. e5 Ke7 50. Rf6 Rh8 51. Kf5 h5 52. g5 h4 53. Rh6 Rf8+ 54. Ke4 Rg8 55.
Rxh4 Rxg5 56. Rh7+ Ke6 57. Rh6+ Ke7 58. Rb6 Rg3 59.
Rxb7+ Ke8 60. Rb8+ Kd7 61. a4 Rb3 62. Rb6 Rb2 63.
a5 Rb3 64. e6+ Ke7 65. Kd5 Rd3+ 66. Kc4 Rd1 67. Rxa6 Rc1+ 68. Kb5 Rd1 69. Rb6 Rd5+ 70. Ka6 Rd4 71. b5 Ra4 72. Rc6 Rb4 73. Kb6 Ra4 74. a6 Ra3 75. a7 Ra2 76. Kb7 1-0

[Event "*** SCC Grand Prix: Titled Tuesday Blitz"]
[Site "Chess.com"]
[Date "2020.10.06"]
[Round "6"]
[White "Lupul_Cenusiu"]
[Black "Vuk2000"]
[Result "0-1"]
[WhiteElo "2516"]
[BlackElo "2693"]
[TimeControl "180+1"]
[EndTime "11:09:54 PDT"]
[Termination "Vuk2000 won by checkmate"]

1. d4 e6 2. Nf3 Nf6 3. c4 b6 4. a3 Bb7 5. Nc3 d5 6. cxd5 exd5 7. g3 Bd6 8. Nb5 Be7 9. Bf4 Na6 10. Bg2 O-O 11. O-O c6 12. Nc3 Nc7 13. Bxc7 Qxc7 14. Rc1 Rfe8 15. Ne5 Qd6 16. Qa4 a5 17. e3 b5 18. Qb3 b4 19. axb4 Qxb4 20. Qa2 a4 21. Nb1 Reb8 22. Rc2 Ra6 23. Rfc1 Bd6 24. Nd3 Qb6 25.
Nc3 Qb3 26. Qxb3 axb3 27. Rd2 Bc8 28. Nd1 Bf5 29. f3 Rbb6 30. Bf1 Ra2 31. Rc3 g5 32. g4 Bg6 33. h3 h5 34. Be2 hxg4 35. hxg4 Nd7 36.
Nc1 Ra1 37. Nxb3 Rb1 38. Kf2 Bb4 39. Nc5 Bxc3 40. Nxc3 Nxc5 41. Nxb1 Nb3 42. Rd1 Na5 43. Rd2 Bxb1 44. f4 Be4 45. fxg5 Nc4 46. Bxc4 dxc4 47.
Kg3 Kg7 48. Kf4 Bd3 49. Rh2 Rb7 50. e4 Rd7 51. Ke3 Re7 52. e5 Rb7 53. Kf4 Rb3 54. Rh6 Bg6 55. Rh2 Rd3 56. Re2 Rxd4+ 57. Kg3 Rd3+ 58. Kh4 c3 59. bxc3 Rxc3 60. e6 fxe6 61. Rxe6 Rc2 62. Re7+ Bf7 63. Rc7 c5 64. Rc6 c4 65. Rc7 Rc1 66. Kg3 c3 67. Kh2 c2 68.
Kg2 Kg6 69. Kh2 Bd5 70. Rc5 Rh1+ 71. Kg3 c1=Q 72. Rxd5 Qe1+ 73. Kf3 Rf1+ 74. Kg2 Qf2+ 75. Kh3 Rh1# 0-1

[Event "*** SCC Grand Prix: Titled Tuesday Blitz"]
[Site "Chess.com"]
[Date "2020.10.06"]
[Round "6"]
[White "Falcon28dz"]
[Black "amatatanav"]
[Result "1-0"]
[WhiteElo "2248"]
[BlackElo "2384"]
[TimeControl "180+1"]
[EndTime "11:09:57 PDT"]
[Termination "Falcon28dz won by resignation"]

1. e4 c5 2. Nf3 Nc6 3. Bb5 e6 4.
O-O Nge7 5. c3 a6 6. Ba4 b5 7.
Bc2 Bb7 8. Re1 d5 9. e5 d4 10. Be4 Qc7 11. d3 Ng6 12. a4 dxc3 13. bxc3 Rd8 14. axb5 axb5 15. Na3 Na7 16. Bxb7 Qxb7 17. Rb1 Be7 18. Nxb5 Nxb5 19. Qa4 O-O 20. Rxb5 Qc6 21. Qc4 Rd5 22. d4 Rfd8 23. Be3 Bf8 24. Reb1 Qc8 25. h3 cxd4 26. Qxc8 Rxc8 27. Rxd5 exd5 28.
cxd4 Be7 29. Rb5 Rd8 30. g3 Nf8 31. h4 Ne6 32. Kg2 Kf8 33. h5 h6 34. Ne1 Ke8 35. Nd3 Nc7 36. Rb7 Kd7 37. Nb4 Bxb4 38. Rxb4 Ne6 39.
Rb7+ Nc7 40. f4 Kc6 41. Ra7 Rb8 42. Kf3 Rb3 43. g4 Nb5 44. Rxf7 Nxd4+ 45. Kf2 Nc2 46. Bd2 Rd3 47. e6 Rxd2+ 48. Kf3 Rd3+ 49. Ke2 Re3+ 50.
Kd2 d4 51. Kxc2 Rxe6 52. Rxg7 Kd5 53. Rg6 Re2+ 54. Kd3 Re3+ 55. Kd2 Ke4 56. Rd6 Rg3 57. Rg6 Rg2+ 58. Kd1 Ke3 59. Re6+ Kd3 60. g5 hxg5 61. fxg5 Rg1+ 62. Re1 Rxg5 63. Rh1 Ra5 64. Rh3+ Kc4 65.
h6 d3 66. h7 Kc3 67. h8=Q+ Kb3 68. Rxd3+ Kc4 69. Qc3+ Kb5 70. Rd4 Ra2 71. Qb3+ Kc5 72. Qxa2 Kxd4 73. Qd2+ Kc4 74. Ke2 Kc5 75. Kf3 Kc6 76.
Ke4 1-0

[Event "*** SCC Grand Prix: Titled Tuesday Blitz"]
[Site "Chess.com"]
[Date "2020.10.06"]
[Round "6"]
[White "Durarbayli"]
[Black "GelmanAlexander"]
[Result "1-0"]
[WhiteElo "2811"]
[BlackElo "2583"]
[TimeControl "180+1"]
[EndTime "11:09:58 PDT"]
[Termination "Durarbayli won by resignation"]

1. e4 c5 2. b3 e6 3. Nf3 a6 4. Bb2 d6 5. d4 cxd4 6. Nxd4 Nf6 7.
Nc3 Nbd7 8. g4 h6 9. Bg2 g5 10. h4 Rg8 11. hxg5 hxg5 12. Qd2 Ne5 13. O-O-O Bd7 14.
Kb1 Qc7 15. f4 gxf4 16. Qxf4 Nexg4 17. Nde2 Be7 18. Bh3 O-O-O 19. Rhf1 Kb8 20. Ba3 Ne5 21. Qe3 Bc6 22. Nd4 Bd7 23. Nf3 Nxf3 24. Rxf3 Bc6 25. Qd4 Rg6 26. Rfd3 Ne8 27. Qf2 Rf6 28. Qd2 b5 29.
Bf1 Rg6 30. Bb4 Qb7 31. Qf2 Rf6 32. Qe3 Rg6 33. Be2 Nf6 34. e5 Nd5 35. Nxd5 Bxd5 36. Bh5 Rg7 37. exd6 Bf6 38. Bf3 Rg3 39. Rxd5 exd5 40.
Qf4 Rg6 41. Bxd5 Qb6 42. Bxf7 Rg1 43. d7+ Ka7 44. Rf1 Qd4 45. Qxd4+ Bxd4 46. Rxg1 Bxg1 47.
Be8 Kb6 48. Be7 Kc7 49. Bxd8+ Kxd8 50. Kb2 b4 51. c4 Bd4+ 52. Kc2 Bf6 53. Kd3 Kc7 54.
Ke4 Bd8 55. Kd5 Kb6 56. Kd6 a5 57. c5+ Kb7 58. Bg6 Ka6 59. Be4 Ka7 60. Kc6 Ka6 61.
Bd3+ Ka7 62. Bf5 Ka6 63. Be4 Ka7 64. Kd6 Ka6 65. Ke6 Kb5 66. Kf7 Kxc5 67. Ke8 Bb6 68. d8=Q Bxd8 69. Kxd8 Kd4 70. Bc6 Kc3 71. Ba4 Kb2 72. Kc7 Kxa2 73. Kb6 Kb2 74. Kxa5 Kc3 75. Kb5 1-0